 Dungeon Sprint DCSS version 0.15-a0-462-gf669498 (webtiles) character file.

458 BluebellGnoll the Eclecticist (level 6, -3/28 HPs)
             Began as a Spriggan Air Elementalist on May 7, 2014.
             Was a High Priest of Sif Muna.
             Slain by a cyclops (19 damage)
             ... in the Dungeon (Sprint IX: "|||||||||||||||||||||||||||||").
             The game lasted 00:04:36 (283 turns).

BluebellGnoll the Eclecticist (SpAE)                 Turns: 283, Time: 00:04:36

HP  -3/28        AC  5     Str  7      XL: 6   Next: 77%
MP  31/31        EV 18     Int 19      God: Sif Muna [*****.]
Gold 0           SH  0     Dex 16      Spells:  3 memorised, 29 levels left

rFire  . . .     SeeInvis +     o - +2 cutlass (venom)
rCold  . . .     Clarity  .     a - +0 robe
rNeg   . . .     Conserve .     (shield restricted)
rPois  .         rCorr    .     (helmet restricted)
rElec  .         rRot     .     p - +0 cloak
SustAb . .       Spirit   .     (gloves unavailable)
rMut   .         Warding  .     (boots unavailable)
Saprov . . .     NoTele   +     (no amulet)
MR     +....                    r - +3 ring of strength
                                q - +2 ring of protection

@: repel missiles, invisible, very slightly contaminated, very quick, somewhat
resistant to hostile enchantments, fairly stealthy
A: unfitting armour, see invisible, herbivore 3, speed 3, slow metabolism 2
a: Channel Energy, Forget Spell, Renounce Religion


You were in the Dungeon.
You worshipped Sif Muna.
Sif Muna was extremely pleased with you.
You were not hungry.

You visited 1 branch

Inventory:

Hand weapons
 o - a +2,+2 cutlass of venom (weapon)
Missiles
 k - 3 silver darts (quivered)
Armour
 a - a +0 robe (worn)
 p - a +0 cloak (worn)
Magical devices
 n - a wand of fire (4)
Scrolls
 i - 2 scrolls of blinking
 l - 3 scrolls of remove curse
 m - 2 scrolls of amnesia
Jewellery
 q - a +2 ring of protection (left hand)
 r - a +3 ring of strength (right hand)
Potions
 c - a potion of porridge
 d - 5 potions of curing
 e - 3 potions of heal wounds
 f - a potion of haste
 g - 4 potions of magic
 h - a potion of berserk rage
Books
 b - a book of Air

   Spells                             Type                      Level
   *Shock                             Conjuration/Air              1
   Swiftness                          Charms/Air                   2
   *Repel Missiles                    Charms/Air                   2
   Flight                             Charms/Air                   3
   Static Discharge                   Conjuration/Air              3
   *Lightning Bolt                    Conjuration/Air              5


   Skills:
 - Level 3.0 Dodging
 - Level 3.0 Stealth
 - Level 16.3 Spellcasting
 - Level 0.6 Conjurations
 + Level 2.6 Air Magic


You had 29 spell levels left.
You knew the following spells:

 Your Spells              Type           Power        Failure   Level  Hunger
a - Shock                 Conj/Air       ###.         1%          1    None
b - Repel Missiles        Chrm/Air       ###...       4%          2    None
c - Lightning Bolt        Conj/Air       ###.......   63%         5    ##.....


Dungeon Overview and Level Annotations

Branches:
Dungeon (1/1)

Altars:
Cheibriados
Dithmenos
Elyvilon
Fedhas
Kikubaaqudgha
Makhleb
Nemelex Xobeh
Okawaru
Sif Muna
Trog
Vehumet
Xom
Yredelemnul
Zin
The Shining One
Beogh
Jiyva
Lugonu


Innate Abilities, Weirdness & Mutations

You are tiny and cannot use many weapons and most armour.
You have supernaturally acute eyesight.
You are a herbivore.
You cover ground extremely quickly.
You need consume almost no food.


Message History

You hit the cyclops.
The cyclops looks even sicker.
The cyclops is moderately wounded.
The shadow imp disappears for a moment.
The cyclops closely misses you.
You hit the cyclops but do no damage.
The cyclops is moderately wounded.
The crimson imp blinks!
The shadow imp lashes its tail.
The cyclops closely misses you.
You hit the cyclops.
The cyclops is heavily wounded.
The crimson imp blinks!
The cyclops closely misses you.
You hit the cyclops but do no damage.
The cyclops is heavily wounded.
You strike the helpless cyclops from behind!
You slash the cyclops!
The cyclops is almost dead.
The cyclops hits you!
Ouch! That really hurt!
You die... ▓▓▓▓▓▓▓▓▓▓▓▓▓▓▓▓▓▓▓▓▓▓▓▓▓ +..5yZHC@(5.(.')%).))|..' ▓▓▓▓▓▓▓▓▓▓▓▓▓▓▓▓▓▓▓▓▓▓▓▓▓

You could see a cyclops (wandering), a hippogriff, a yellow wasp, a crimson imp, a shadow imp and a giant newt zombie.

Vanquished Creatures
  A gargoyle (D)
  An ogre (D)
  A centaur (D)
  2 bats (D)
  A goblin (D)
  A hobgoblin (D)
  3 kobolds (D)
  2 quokkas (D)
  A giant newt (D)
  3 rats (D)
16 creatures vanquished.

Notes
Turn   | Place    | Note
--------------------------------------------------------------
     0 | D        | BluebellGnoll, the Spriggan Air Elementalist, began the quest for the Orb.
     0 | D        | Reached XP level 1. HP: 9/9 MP: 4/4
     9 | D        | Reached skill level 4 in Spellcasting
    74 | D        | Reached skill level 5 in Spellcasting
    75 | D        | Reached XP level 2. HP: 13/13 MP: 6/11
    87 | D        | Found a glowing silver altar of Zin.
    87 | D        | Found a glowing golden altar of the Shining One.
    87 | D        | Found an ancient bone altar of Kikubaaqudgha.
    87 | D        | Found a basalt altar of Yredelemnul.
    87 | D        | Found a shimmering altar of Xom.
    87 | D        | Found a radiant altar of Vehumet.
    87 | D        | Found an iron altar of Okawaru.
    88 | D        | Found a burning altar of Makhleb.
    89 | D        | Found a deep blue altar of Sif Muna.
    90 | D        | Found a bloodstained altar of Trog.
    91 | D        | Found a sparkling altar of Nemelex Xobeh.
    92 | D        | Found a white marble altar of Elyvilon.
    93 | D        | Found a roughly hewn altar of Beogh.
    94 | D        | Found a viscous altar of Jiyva.
    95 | D        | Found a corrupted altar of Lugonu.
    96 | D        | Found a blossoming altar of Fedhas.
    97 | D        | Found a snail-covered altar of Cheibriados.
    98 | D        | Became a worshipper of Sif Muna the Loreminder
    99 | D        | Found a shadowy altar of Dithmenos.
   159 | D        | Learned a level 2 spell: Repel Missiles
   176 | D        | Noticed a centaur
   176 | D        | Noticed a gargoyle
   176 | D        | Noticed an ogre
   181 | D        | Killed an ogre
   181 | D        | Acquired Sif Muna's first power
   181 | D        | Acquired Sif Muna's second power
   181 | D        | Reached skill level 10 in Spellcasting
   181 | D        | Reached XP level 3. HP: 16/16 MP: 11/20
   181 | D        | Reached XP level 4. HP: 21/21 MP: 12/23
   182 | D        | Killed a centaur
   182 | D        | Reached skill level 12 in Spellcasting
   182 | D        | Reached XP level 5. HP: 24/24 MP: 13/26
   183 | D        | Killed a gargoyle
   183 | D        | Acquired Sif Muna's third power
   183 | D        | Reached skill level 16 in Spellcasting
   183 | D        | Reached XP level 6. HP: 28/28 MP: 13/31
   218 | D        | Learned a level 5 spell: Lightning Bolt
   273 | D        | Noticed a yellow wasp
   273 | D        | Noticed a hippogriff
   273 | D        | Noticed a crimson imp
   273 | D        | Noticed a cyclops
   283 | D        | Slain by a cyclops

Action                   |  1- 3 |  4- 6 || total
-------------------------+-------+-------++-------
Melee: Cutlass           |       |     6 ||     6
 Cast: Shock             |     8 |       ||     8
       Repel Missiles    |     1 |       ||     1
Evoke: Wand              |       |     3 ||     3
  Use: Potion            |       |     1 ||     1
 Stab: Invisible         |       |     1 ||     1
